 Dungeon Crawl Stone Soup version 0.24.0-123-gd5b16e6ec5 (webtiles) character file.

Game seed: 3295104748550411266, levelgen mode: deterministic

5560 Bombadil the Slicer (level 10, -26/74 HPs)
             Began as a Vampire Gladiator on Dec 17, 2019.
             Was an Initiate of Gozag.
             Killed by the air
             ... invoked by Gastronok
              (37 damage)
             ... on level 8 of the Dungeon on Dec 18, 2019.
             The game lasted 00:26:30 (11815 turns).

Bombadil the Slicer (Vampire Gladiator)            Turns: 11815, Time: 00:26:30

Health: -26/74     AC: 25    Str: 14    XL:     10   Next: 44%
Magic:  20/21      EV: 25    Int: 14    God:    Gozag
Gold:   422        SH:  0    Dex: 21    Spells: 8/12 levels left

rFire    . . .     SeeInvis +   j - +0 dagger (speed)
rCold    . . .     Gourm    .   (no shield)
rNeg     . . .     Faith    .   E - +8 chain mail "Abeer" {MR+ Int+2 Dex+4}
rPois    .         Spirit   .   p - +2 helmet
rElec    .         Reflect  .   m - +2 cloak
rCorr    .         Harm     .   r - +0 pair of gloves
MR       ++...                  (no boots)
Stlth    +.........             y - amulet of the acrobat
HPRegen  0.42/turn              B - ring of magical power
MPRegen  0.17/turn              (no ring)

@: confusing touch, acrobat, regenerating quickly
A: no food, fangs 3, see invisible, unbreathing
a: Exsanguinate, Potion Petition, Call Merchant, Bribe Branch, Renounce Religion


You were on level 8 of the Dungeon.
You worshipped Gozag.
Gozag was aware of your devotion.
You were alive.

You visited 2 branches of the dungeon, and saw 10 of its levels.
You also visited: Sewer.

You collected 604 gold pieces.
You paid 182 gold pieces to Gozag.

Inventory:

Hand Weapons
 a - a +0 rapier
 j - a +0 dagger of speed (weapon)
Missiles
 d - 2 throwing nets (quivered)
 l - 3 atropa-tipped darts
Armour
 b - a +0 leather armour
 c - a +0 helmet
 m - a +2 cloak (worn)
 p - a +2 helmet (worn)
 r - a +0 pair of gloves (worn)
 z - a +0 hat
 E - the +8 chain mail "Abeer" (worn) {MR+ Int+2 Dex+4}
   (You found it on level 5 of the Dungeon)

   It affects your intelligence (+2).
   It affects your dexterity (+4).
   It affects your resistance to hostile enchantments.
 N - a +2 robe of cold resistance
Jewellery
 y - an amulet of the acrobat (around neck)
 B - a ring of magical power (left hand)
 F - a +5 ring of strength {unknown}
 Q - an uncursed ring of fire {unknown}
 S - a cursed ring of fire {unknown}
Wands
 t - a wand of flame (17)
 w - a wand of scattershot (8)
 A - a wand of disintegration (15)
 D - a wand of paralysis (8)
 L - a wand of enslavement (10)
 M - a wand of acid (10)
Scrolls
 e - 12 scrolls of identify {unknown}
 f - 7 scrolls of remove curse {unknown}
 i - 5 scrolls of teleportation
 n - 3 scrolls of blinking {unknown}
 o - 2 scrolls of amnesia {unknown}
 q - 2 scrolls of immolation {unknown}
 s - 2 scrolls of fear {unknown}
 C - a scroll of noise {unknown}
 G - 3 scrolls of enchant armour {unknown}
 H - a scroll of brand weapon {unknown}
 I - 2 scrolls of enchant weapon {unknown}
 J - a scroll of random uselessness {unknown}
 K - a scroll of silence {unknown}
 P - a scroll of magic mapping {unknown}
Potions
 g - 3 potions of curing {unknown}
 h - 3 potions of magic {unknown}
 k - 3 potions of haste {unknown}
 u - 4 potions of flight
 v - a potion of lignification {unknown}
 x - 2 potions of agility {unknown}
 O - a potion of invisibility {unknown}
 R - a potion of cancellation {unknown}


   Skills:
 + Level 5.2 Fighting
 + Level 9.9 Short Blades
 + Level 2.1 Throwing
 + Level 5.0 Armour
 + Level 6.9 Dodging
 + Level 8.1 Stealth
 + Level 1.7 Spellcasting
 * Level 8.6 Hexes


You had 8 spell levels left.
You knew the following spells:

 Your Spells              Type           Power        Failure   Level  Hunger
a - Confuse               Hex            ####....     41%         3    N/A
b - Confusing Touch       Hex            ####..       14%         1    N/A

Your spell library contained the following spells:

 Spells                   Type           Power        Failure   Level  Hunger
 Gell's Gravitas          Tloc           #.........   100%        3    N/A
 Petrify                  Tmut/Erth      #.......     100%        4    N/A
 Metabolic Englaciation   Hex/Ice        ##........   100%        5    N/A
 Yara's Violent Unravell  Hex/Tmut       ##........   100%        5    N/A

Dungeon Overview and Level Annotations

Branches:
Dungeon (9/15)             Temple (1/1) D:6           Sewer (visited)
   Lair: D:8-11         Orc: D:9-12

Altars:
Ashenzari
Cheibriados
Dithmenos
Elyvilon
Fedhas
Gozag
Hepliaklqana
Kikubaaqudgha
Makhleb
Nemelex Xobeh
Okawaru
Qazlal
Ru
Sif Muna
Trog
Uskayaw
Vehumet
Wu Jian
Xom
Yredelemnul
Zin
The Shining One

Shops:
D:5 :   D:8 *

Annotations:
D:7 2 transporters, dasteron's ghost, novice MiAK
D:8 Gastronok; Psyche


Innate Abilities, Weirdness & Mutations

You do not eat.
Your natural rate of healing is unusually fast.
You have razor-sharp teeth.
You have supernaturally acute eyesight. (SInv)
You can survive without breathing.


Message History

You hit Gastronok but do no damage.
Gastronok is severely wounded.
You completely miss Gastronok. You bite Gastronok, but do no damage.
Gastronok is severely wounded.
You hit Gastronok but do no damage.
Gastronok is severely wounded.
You hit Gastronok but do no damage. You bite Gastronok, but do no damage.
Gastronok is severely wounded.
Gastronok bites you!!
* * * LOW HITPOINT WARNING * * *
You catch the helpless Gastronok completely off-guard!
You hit Gastronok but do no damage.
Gastronok is severely wounded.
Okay, then.
Gastronok seems less confused.
Gastronok waves his eye-stalks in wide circles.
The air twists around and strikes you!!!
Ouch! That really hurt!
You die...
Your body crumbles into a pile of gold.

##.##### ##...##
###.### #.# ##'##
#.# #.# #.# #.#
#.# #.# #.# #.
##.## #.#
#####...## #.#
.........# #.#
#####...########.#
##.@.........#
#.#########.# #.#
#.# #w# #.# #.#
#.## #.# #..# #.#
##.# #.# ..# #.#
###.#


You could see Gastronok.

Vanquished Creatures
  A two-headed ogre (D:8)
  Pikel (D:4)
  A cyclops (D:9)
  A hippogriff (D:7)
  Sigmund (D:3)
  4 yaks (D:9)
  Eustachio (D:7)
  An orc warrior (D:8)
  A slave (D:5)
  A water moccasin (D:8)
  2 ice beasts
  2 sky beasts
  A black bear (D:8)
  A phantom (D:9)
  2 ogres
  5 centaurs
  5 bullfrogs
  A scorpion (D:4)
  3 killer bees (D:7)
  3 wights
  A bullfrog zombie (D:6)
  A centaur zombie (D:6)
  3 hounds
  A quasit (D:5)
  6 orc wizards
  4 orc priests
  2 centaur skeletons
  2 iguanas (D:4)
  A merfolk siren (Sewer)
  A merfolk avatar (Sewer)
  6 worker ants
  Robin (D:3)
  A worker ant zombie (D:7)
  16 adders
  4 river rats (Sewer)
  2 shadow imps
  An ooze (D:2)
  An adder skeleton (D:8)
  5 worms
  2 dart slugs
  8 leopard geckos
  34 orcs
  8 ball pythons
  5 giant cockroaches
  11 hobgoblins
  13 jackals
  5 kobolds
  5 quokkas
  7 bats
  11 frilled lizards
  14 goblins
  A quokka zombie (D:7)
  30 rats
251 creatures vanquished.

Notes
Turn   | Place    | Note
-------+----------+-------------------------------------------
     0 | D:1      | Bombadil the Vampire Gladiator began the quest for the Orb.
     0 | D:1      | Reached XP level 1. HP: 16/16 MP: 1/1
   105 | D:1      | Reached XP level 2. HP: 22/22 MP: 2/2
   289 | D:1      | Reached skill level 4 in Short Blades
   676 | D:1      | Reached XP level 3. HP: 27/27 MP: 3/3
  1407 | D:2      | Reached skill level 1 in Stealth
  1407 | D:2      | Reached XP level 4. HP: 33/33 MP: 4/4
  2011 | D:1      | Reached skill level 1 in Armour
  2068 | D:2      | Reached XP level 5. HP: 38/38 MP: 5/5
  2091 | D:2      | Reached skill level 5 in Short Blades
  2762 | D:3      | Noticed Robin
  2783 | D:3      | Killed Robin
  2791 | D:3      | Noticed Sigmund
  2816 | D:3      | Killed Sigmund
  2816 | D:3      | Reached XP level 6. HP: 8/46 MP: 6/6
  4033 | D:4      | Noticed a slave
  4035 | D:4      | Noticed Pikel
  4035 | D:4      | Noticed a slave
  4035 | D:4      | Noticed a slave
  4098 | D:4      | Found a shattered altar of Ashenzari.
  4212 | D:4      | Found a glowing drain.
  4222 | Sewer    | Entered a sewer
  4451 | Sewer    | Reached XP level 7. HP: 45/51 MP: 7/7
  4577 | Sewer    | Reached skill level 5 in Dodging
  4945 | Sewer    | Reached skill level 6 in Short Blades
  4970 | Sewer    | Learned a level 3 spell: Confuse
  5359 | D:5      | Entered Level 5 of the Dungeon
  5590 | D:5      | Reached skill level 1 in Hexes
  5607 | D:5      | Found a blossoming altar of Fedhas.
  5629 | D:5      | Reached skill level 5 in Stealth
  5798 | D:5      | Learned a level 1 spell: Confusing Touch
  5823 | D:5      | Found Paunti's Book Emporium.
  6139 | D:5      | Got a distressingly furry chain mail
  6140 | D:5      | Found an ornate altar of the Wu Jian Council.
  6156 | D:5      | Identified the +8 chain mail "Abeer" {MR+ Int+2 Dex+4} (You
                  | found it on level 5 of the Dungeon)
  6404 | D:5      | Reached XP level 8. HP: 58/58 MP: 8/8
  6412 | D:6      | Found a staircase to the Ecumenical Temple.
  6419 | Temple   | Entered the Ecumenical Temple
  7582 | D:6      | Reached skill level 7 in Short Blades
  7662 | D:7      | Noticed a catoblepas
  7663 | D:7      | Found a transporter.
  7670 | D:7      | Noticed a hippogriff
  7671 | D:7      | Found a transporter.
  7686 | D:7      | Killed a hippogriff
  7694 | D:7      | Noticed a moth of wrath
  7705 | D:7      | Noticed dasteron's ghost (novice MiAK)
  7869 | D:6      | Noticed Eustachio
  8026 | D:7      | Reached skill level 5 in Hexes
  8026 | D:7      | Reached XP level 9. HP: 63/65 MP: 9/9
  8203 | D:8      | Noticed Gastronok
  8563 | D:7      | Killed Eustachio
  8563 | D:7      | Reached skill level 8 in Short Blades
  9625 | D:4      | Killed Pikel
  9625 | D:4      | Reached skill level 9 in Short Blades
 10370 | D:9      | Noticed a cyclops
 10390 | D:9      | Killed a cyclops
 10390 | D:9      | Reached skill level 5 in Fighting
 10390 | D:9      | Reached XP level 10. HP: 56/74 MP: 10/10
 10642 | D:8      | Found Xuileadi's Assorted Antiques.
 10668 | D:8      | Noticed Psyche
 10693 | D:8      | Noticed a two-headed ogre
 10984 | D:8      | Found an opulent altar of Gozag.
 10986 | D:8      | Noticed a two-headed ogre
 11021 | D:8      | Became a worshipper of Gozag Ym Sagoz the Greedy
 11192 | D:7      | Reached skill level 1 in Spellcasting
 11619 | D:8      | Killed a two-headed ogre
 11619 | D:8      | Reached skill level 5 in Armour
 11815 | D:8      | Killed from afar by Gastronok

Levels and vault maps discovered:
D:1:      psy_arrival_conway, layout_basic, minmay_pentomino_o2
D:2:      layout_loops_corners
D:3:      layout_basic, first_ration, uniq_robin, uniq_sigmund
D:4:      layout_cave_pools, ashenzari_conservatory_becter,
          cheibrodos_sewer_entry_sluice, uniq_pikel
D:5:      layout_gridville, fedhas_bush_and_centaur_altar, lemuel_round_altar,
          serial_shops, nicolae_shop_window_shopping,
          hangedman_abyss_or_decor_passed, minmay_misc_feat_five
D:6:      layout_cave_pools, minmay_temple_entry_arrows, grunt_decor_cap,
          uniq_eustachio
D:7:      layout_basic, gammafunk_ghost_berserking_beasts
D:8:      layout_loops_corners, nicolae_overflow_crystal_walls, serial_shops,
          shop_fountains, uniq_joseph, uniq_psyche, uniq_gastronok
D:9:      layout_long_grid, basic_altar
Temple:   hc_temple_tempest_star

Skill      XL: |  1  2  3  4  5  6  7  8  9 10 |
---------------+-------------------------------+-----
Short Blades   | 4 5 6 7 9 |  9.9
Fighting       | 2 3 4 5 |  5.2
Stealth        | 1 2 3 4 5 6 8 |  8.1
Armour         | 1 2 3 4 5 |  5.0
Dodging        | 4 5 6 |  6.9
Hexes          | 2 5 7 8 |  8.6
Throwing       | 2 |  2.1
Spellcasting   | 1 |  1.7

Action                   |  1- 3 |  4- 6 |  7- 9 | 10-12 || total
-------------------------+-------+-------+-------+-------++-------
Melee: Rapier            |    56 |       |       |       ||    56
       Bite              |    14 |    65 |   212 |    55 ||   346
       Dagger            |    92 |   432 |  1329 |   262 ||  2115
Throw: Throwing net      |       |       |     8 |       ||     8
       Dart              |       |       |     5 |       ||     5
 Cast: Confusing Touch   |       |       |     3 |    19 ||    22
 Stab: Sleeping          |     2 |     8 |     5 |       ||    15
       Held in net/web   |       |       |     4 |       ||     4
       Confused          |       |       |     6 |    17 ||    23
       Invisible         |       |       |     2 |       ||     2
Armor: Leather armour    |    24 |    64 |    76 |       ||   164
       Chain mail        |       |       |   285 |    87 ||   372
       Robe              |       |       |    10 |       ||    10
Dodge: Dodged            |    74 |   210 |   419 |    92 ||   795
